 Dungeon Crawl Stone Soup version 0.24.0-125-gc4c63601f3 (console) character file.

Game seed: 4299626478834541700, levelgen mode: deterministic

412 Kagalorn the Grappler (level 6, -5/51 HPs)
             Began as a Minotaur Monk on Mar 6, 2020.
             Slain by an ogre
             ... wielding a +0 giant club
              (9 damage)
             ... on level 4 of the Dungeon.
             The game lasted 00:04:41 (2905 turns).

Kagalorn the Grappler (Minotaur Monk)               Turns: 2905, Time: 00:04:42

Health: -5/51      AC:  8    Str: 18    XL:     6   Next: 59%
Magic:  5/5        EV:  8    Int:  7    God:
Gold:   110        SH:  0    Dex: 12    Spells: 5/5 levels left

rFire    . . .     SeeInvis .     - Unarmed
rCold    . . .     Gourm    .   (no shield)
rNeg     . . .     Faith    .   l - +0 chain mail
rPois    .         Spirit   .   (helmet restricted)
rElec    .         Reflect  .   (no cloak)
rCorr    .         Harm     .   (no gloves)
MR       .....                  (no boots)
Stlth    ..........             (no amulet)
HPRegen  0.17/turn              (no ring)
MPRegen  0.09/turn              (no ring)

@: no status effects
A: retaliatory headbutt, horns 2
a: no special abilities


You were on level 4 of the Dungeon.
You were not hungry.

You visited 1 branch of the dungeon, and saw 4 of its levels.

You collected 110 gold pieces.

Inventory:

Armour
 l - a +0 chain mail (worn)
Scrolls
 d - 2 scrolls of teleportation {unknown}
 f - 7 scrolls of identify {unknown}
 g - a scroll of enchant weapon {unknown}
 i - 8 scrolls of remove curse {unknown}
 j - 2 scrolls of enchant armour {unknown}
 k - a scroll of magic mapping {unknown}
 p - a scroll of immolation {unknown}
Potions
 a - a potion of cancellation {unknown}
 c - 4 potions of curing {unknown}
 e - 3 potions of magic {unknown}
 h - 2 potions of agility {unknown}
 m - a potion of resistance {unknown}
 n - a potion of invisibility {unknown}
Comestibles
 b - 15 rations


   Skills:
 - Level 3.6 Fighting
 - Level 3.2 Dodging
 - Level 1.5 Stealth
 * Level 8.3 Unarmed Combat


You had 5 spell levels left.
You didn't know any spells.
Your spell library was empty.

Dungeon Overview and Level Annotations

Branches:
Dungeon (4/15)
 Temple: D:4-7

Altars:

Annotations:
D:3 1 runed translucent door, Crazy Yiuf
D:4 Pikel


Innate Abilities, Weirdness & Mutations

You reflexively headbutt those who attack you in melee.
You have a pair of horns on your head.


Message History

The ogre is lightly wounded.
The ogre hits you with a +0 giant club!
You hit the ogre. Your headbutt misses the ogre.
The ogre is moderately wounded.
You punch the ogre!
The ogre is heavily wounded.
The ogre hits you with a +0 giant club!
You barely miss the ogre.
The ogre is heavily wounded.
The ogre hits you with a +0 giant club!
You punch the ogre! You headbutt the ogre.
The ogre is almost dead.
Your chain mail prevents you from hitting the ogre.
The ogre is almost dead.
The ogre hits you with a +0 giant club!
* * * LOW HITPOINT WARNING * * *
You hit the ogre.
The ogre is almost dead.
The ogre hits you with a +0 giant club!
You die...

#...K.# #.##
##.###.## ..#
#......K#####.#
#.......).....##
#........###...#
#........# #.#.##
#........# #K#..#
#........###O##.#
##.........@.##.##
#....≈.≈.#####..# .#
#...≈≈≈≈.##.....## .#
#..≈≈.≈..##.###..# .#
##.≈.....##...#..##.#
#.......##.#.#...#.#
###########........#
#...##...# #...###..#


You could see Pikel and an ogre.

Vanquished Creatures
  Blork the orc (D:4)
  A howler monkey (D:4)
  2 orc wizards (D:3)
  Jessica (D:3)
  Natasha (thrice) (D:2)
  2 worker ants (D:4)
  2 adders (D:2)
  An ooze (D:2)
  2 worms (D:2)
  A dart slug (D:1)
  3 leopard geckos
  5 orcs
  3 ball pythons
  3 giant cockroaches
  6 goblins
  5 hobgoblins
  14 jackals
  A quokka (D:2)
  3 bats
  A frilled lizard (D:2)
  A jackal skeleton (D:4)
  8 kobolds
  2 leopard gecko skeletons (D:4)
  A quokka skeleton (D:4)
  6 rats
78 creatures vanquished.

Notes
Turn   | Place    | Note
-------+----------+-------------------------------------------
     0 | D:1      | Kagalorn the Minotaur Monk began the quest for the Orb.
     0 | D:1      | Reached XP level 1. HP: 19/19 MP: 0/0
   324 | D:1      | Reached skill level 4 in Unarmed Combat
   324 | D:1      | Reached XP level 2. HP: 26/26 MP: 1/1
   974 | D:2      | Reached XP level 3. HP: 27/31 MP: 2/2
  1062 | D:2      | Reached skill level 5 in Unarmed Combat
  1205 | D:2      | Noticed Natasha
  1220 | D:2      | Killed Natasha
  1220 | D:2      | Reached XP level 4. HP: 29/39 MP: 3/3
  1432 | D:2      | Noticed Natasha
  1440 | D:2      | Killed Natasha
  1700 | D:2      | Reached skill level 6 in Unarmed Combat
  1719 | D:2      | Noticed Natasha
  1726 | D:2      | Killed Natasha
  1726 | D:2      | Reached XP level 5. HP: 44/45 MP: 4/4
  2086 | D:3      | Reached skill level 7 in Unarmed Combat
  2219 | D:3      | Noticed Jessica
  2222 | D:3      | Killed Jessica
  2527 | D:3      | Found a runed translucent door.
  2528 | D:3      | Noticed Crazy Yiuf
  2733 | D:4      | Reached XP level 6. HP: 46/51 MP: 5/5
  2737 | D:4      | Noticed Blork the orc
  2752 | D:4      | Killed Blork the orc
  2757 | D:4      | Reached skill level 8 in Unarmed Combat
  2889 | D:4      | Noticed Pikel
  2905 | D:4      | Slain by an ogre

Levels and vault maps discovered:
D:1:      dpeg_arrival_refuge, layout_basic
D:2:      layout_basic, first_ration, uniq_natasha
D:3:      layout_loops_corners, uniq_crazy_yiuf_cottage, uniq_jessica
D:4:      layout_basic, kennysheep_mini_moat, dk_vineyard_3, uniq_blork_the_orc,
          uniq_pikel

Skill      XL: |  1  2  3  4  5  6 |
---------------+-------------------+-----
Unarmed Combat | 4 5 6 7 8 |  8.3
Fighting       | |  3.6
Dodging        | |  3.2
Stealth        | |  1.5

Action                   |  1- 3 |  4- 6 || total
-------------------------+-------+-------++-------
Melee: Unarmed           |    78 |   147 ||   225
       Headbutt          |    12 |    21 ||    33
       Punch             |     1 |     3 ||     4
 Stab: Sleeping          |     5 |       ||     5
  Eat: Chunk             |       |     6 ||     6
Armor: Robe              |    10 |       ||    10
       Chain mail        |     3 |    51 ||    54
Dodge: Dodged            |    37 |    40 ||    77
